 Dungeon Crawl Stone Soup version 0.20.1-1-g8b1a95d (webtiles) character file.

1866 Monsterracer the Martial Artist (level 9, 0/68 HPs)
             Began as a Barachi Transmuter on Dec 17, 2017.
             Was a Believer of Okawaru.
             Slain by a killer bee (8 damage)
             ... on level 6 of the Dungeon.
             The game lasted 00:12:10 (8478 turns).

Monsterracer the Martial Artist (BaTm)              Turns: 8478, Time: 00:12:11

Health: 0/68       AC:  2    Str: 13    XL:     9   Next: 13%
Magic:  7/12       EV: 23    Int: 14    God:    Okawaru [**....]
Gold:   331        SH:  0    Dex: 19    Spells: 2/12 levels left

rFire    . . .     SeeInvis .     - Unarmed
rCold    + . .     Gourm    .   (no shield)
rNeg     . . .     Faith    .   b - +0 robe
rPois    .         Spirit   .   (no helmet)
rElec    .         Reflect  .   (no cloak)
rCorr    .         Harm     .   (no gloves)
MR       .....                  (no boots)
Stlth    +++++.....             (no amulet)
Regen    0.3/turn               k - ring of wizardry
MPRegen  0.2/turn               y - ring "Gaosig" {rC+ Stlth+}

@: agile, lethally poisoned (0 -> -11), heroism, slow
A: +LOS, swims, slowness 1, strong legs 1
a: Hop, Heroism, Renounce Religion


You were on level 6 of the Dungeon.
You worshipped Okawaru.
Okawaru was pleased with you.
You were not hungry.

You visited 1 branch of the dungeon, and saw 6 of its levels.

You collected 331 gold pieces.

Inventory:

Missiles
 a - 18 arrows
Armour
 b - a +0 robe (worn)
 i - a +2 buckler
Jewellery
 k - a ring of wizardry (left hand)
 y - the ring "Gaosig" (right hand) {rC+ Stlth+}
   (You found it on level 5 of the Dungeon)

   [ring of protection from cold]

   It protects you from cold.
   It makes you more stealthy.
 z - an uncursed ring of flight
Wands
 t - a wand of paralysis (6/24)
Scrolls
 g - a scroll of magic mapping {!r}
 n - a scroll of recharging
 p - a scroll of teleportation
 r - a scroll of remove curse {unknown}
 u - a scroll of immolation {unknown}
 x - 3 scrolls of identify
Potions
 e - a potion of haste {unknown}
 f - 3 potions of might
 h - a potion of flight {unknown}
 j - a potion of curing
 w - a potion of lignification {unknown}
Books
 c - a book of Changes

   Spells                             Type                      Level
   a - Beastly Appendage              Transmutation                1
   b - Sticks to Snakes               Transmutation                2
   c - Spider Form                    Transmutation/Poison         3
   d - Ice Form                       Ice/Transmutation            4
   e - Blade Hands                    Transmutation                5
 l - a book of Flames

   Spells                             Type                      Level
   a - Flame Tongue                   Conjuration/Fire             1
   b - Throw Flame                    Conjuration/Fire             2
   c - Conjure Flame                  Conjuration/Fire             3
   d - Inner Flame                    Hexes/Fire                   3
   e - Sticky Flame                   Conjuration/Fire             4
   f - Fireball                       Conjuration/Fire             5
Comestibles
 d - 4 bread rations
 m - 2 fruits
 o - 4 meat rations
 q - 4 royal jellies


   Skills:
 + Level 5.1(10.1) Fighting
 - Level 2.1(7.1) Dodging
 * Level 8.7(13.7) Unarmed Combat
 - Level 2.1 Spellcasting
 * Level 7.4 Transmutations
 + Level 3.7 Invocations


You had 2 spell levels left.
You knew the following spells:

 Your Spells              Type           Power        Failure   Level  Hunger
b - Sticks to Snakes      Tmut           ###.....     1%          2    ###....
c - Spider Form           Tmut/Pois      ##........   6%          3    ###....
d - Blade Hands           Tmut           ###.......   12%         5    ######.


Dungeon Overview and Level Annotations

Branches:
Dungeon (6/15)
 Temple: D:4-7

Altars:
Elyvilon
Gozag
Kikubaaqudgha
Okawaru
Uskayaw
Vehumet
Xom
Yredelemnul

Shops:
D:4 %


Innate Abilities, Weirdness & Mutations

Shadows flee at your approach. (+LOS)
You can swim through water.
You cover ground slowly.
You can hop short distances.


Message History

The killer bee buzzes angrily.
You hear an angry buzzing noise.
The killer bee buzzes angrily.
You hear an angry buzzing noise.
A killer bee comes into view.
MP restored: 12
There are monsters nearby!
The killer bee stings you. x2
You take 6 damage, and have 62/68 hp.
You miss the killer bee. The killer bee stings you.
You take 1 damage, and have 61/68 hp.
You hit the killer bee.
The killer bee is lightly wounded.
The killer bee stings you!
You are poisoned.
The killer bee poisons you! The killer bee closely misses you.
You take 9 damage, and have 52/68 hp.
Casting: Spider Form
Confirm with . or Enter, or press ? or * to list all spells.
Your hands turn into razor-sharp scythe blades.
You feel sick. The killer bee stings you. The killer bee closely misses you.
You take 6 damage, and have 46/68 hp.
You now have 7/12 mp.
You gain the combat prowess of a mighty hero.
The killer bee stings you. The killer bee stings you!
You take 9 damage, and have 37/68 hp.
You now have 5/12 mp.
You hit the killer bee but do no damage.
The killer bee is lightly wounded.
You feel sick. The killer bee closely misses you.
You take 1 damage, and have 36/68 hp.
You slice the killer bee!!
You kill the killer bee!
Okawaru accepts your kill.
You slash the killer bee!
You kill the killer bee!
Okawaru accepts your kill.
A killer bee comes into view.
Things that are here:
a killer bee corpse x2
You feel sick.
The killer bee moves out of view.
You take 1 damage, and have 36/68 hp.
A killer bee comes into view. x2
You feel sick.
The killer bee buzzes angrily.
The killer bee stings you!
* * * LOW HITPOINT WARNING * * *
The killer bee stings you!
* * * LOW HITPOINT WARNING * * *
You are more poisoned.
The killer bee poisons you!
You take 15 damage, and have 21/68 hp.
MASSIVE DAMAGE!!
The killer bee buzzes angrily.
You slash the killer bee!
The killer bee is heavily wounded.
You feel sick. The killer bee barely misses you. x2
You take 1 damage, and have 20/68 hp.
You barely miss the killer bee.
The killer bee is heavily wounded.
You feel sick. The killer bee stings you.
* * * LOW HITPOINT WARNING * * *
You are more poisoned.
The killer bee poisons you!
You take 5 damage, and have 15/68 hp.
You closely miss the killer bee.
The killer bee buzzes angrily. x2
Your slash misses the killer bee.
The killer bee is heavily wounded.
Your transformation is almost over.
You feel sick. The killer bee misses you.
You take 1 damage, and have 14/68 hp.
You slice the killer bee!!
You kill the killer bee!
Okawaru accepts your kill. The killer bee stings you.
* * * LOW HITPOINT WARNING * * *
You take 1 damage, and have 13/68 hp.
It was a potion of curing.
You feel better. The killer bee stings you.
* * * LOW HITPOINT WARNING * * *
The killer bee stings you.
* * * LOW HITPOINT WARNING * * *
The killer bee misses you. The killer bee stings you.
* * * LOW HITPOINT WARNING * * *
You are poisoned.
The killer bee poisons you!
You regained 3 hp, and now have 16/68 hp.
It was a potion of cancellation.
Your magical effects are unravelling.
You feel magically purged.
Your hands revert to their normal proportions.
You feel sick. The killer bee stings you.
* * * LOW HITPOINT WARNING * * *
You are lethally poisoned!
The killer bee poisons you! The killer bee closely misses you.
The killer bee misses you. The killer bee barely misses you. x2
The killer bee stings you but does no damage.
You take 7 damage, and have 9/68 hp.
It was a potion of agility.
You feel agile all of a sudden.
* * * LOW HITPOINT WARNING * * *
You feel sick. The killer bee barely misses you.
The killer bee completely misses you. x2; The killer bee barely misses you.
The killer bee stings you!
You die...

#..## #...# ##.y. ##
.yy. ##. #... ##..
####..###############...
.....#..†...'..........
##..#y######..........
#...y@# #..........
##.##y# #.......... #.
#.# ########### .. #.#
### #.# #.# #.# #.# #.#


You could see 3 killer bees.

Vanquished Creatures
  The ghost of manon the Firebug, a novice DrFE (D:6)
  A hippogriff (D:6)
  Menkaure (D:5)
  An orc warrior (D:5)
  An ogre (D:6)
  3 killer bees (D:6)
  A howler monkey (D:5)
  3 crimson imps
  The ghost of broninjaking the Sneak, a weakling SpAs (D:4)
  2 orc priests
  A hound (D:5)
  A jelly (D:6)
  6 orc wizards
  A bullfrog skeleton (D:4)
  3 iguanas
  A worker ant (D:4)
  A worker ant zombie (D:6)
  4 adders
  4 gnolls
  A shadow imp (D:5)
  2 worms
  2 dart slugs
  4 leopard geckos
  23 orcs
  A ball python (D:4)
  2 giant cockroaches
  7 goblins
  13 hobgoblins
  4 jackals
  6 quokkas
  8 bats
  2 frilled lizards (D:3)
  10 kobolds
  A leopard gecko skeleton (D:3)
  8 rats
131 creatures vanquished.

Vanquished Creatures (collateral kills)
  A phantom (D:4)
  An adder (D:3)
2 creatures vanquished.

Grand Total: 133 creatures vanquished

Notes
Turn   | Place    | Note
-------+----------+-------------------------------------------
     0 | D:1      | Monsterracer the Barachi Transmuter began the quest for the Orb.
     0 | D:1      | Reached XP level 1. HP: 15/15 MP: 3/3
   200 | D:1      | Reached XP level 2. HP: 16/21 MP: 3/5
   210 | D:1      | Learned a level 2 spell: Sticks to Snakes
   766 | D:1      | Reached skill level 4 in Unarmed Combat
  1028 | D:2      | Reached XP level 3. HP: 22/26 MP: 6/6
  1033 | D:2      | Learned a level 3 spell: Spider Form
  1248 | D:2      | HP: 12/26 [gnoll/spear (6)]
  1255 | D:2      | HP: 7/26 [gnoll/flail (6)]
  1597 | D:2      | Reached XP level 4. HP: 32/32 MP: 3/7
  1951 | D:2      | Found a basalt altar of Yredelemnul.
  1960 | D:2      | Found an ancient bone altar of Kikubaaqudgha.
  1964 | D:2      | Found a white marble altar of Elyvilon.
  1965 | D:2      | Found a radiant altar of Vehumet.
  1965 | D:2      | Found an iron altar of Okawaru.
  1968 | D:2      | Found a hide-covered altar of Uskayaw.
  1970 | D:2      | Found a shimmering altar of Xom.
  2010 | D:2      | Became a worshipper of Warmaster Okawaru
  2378 | D:3      | Found a faded altar of an unknown god.
  2433 | D:3      | Reached skill level 5 in Unarmed Combat
  2529 | D:3      | Reached XP level 5. HP: 37/37 MP: 8/8
  2788 | D:3      | HP: 14/37 [orc priest/nerve-wracking pain (12)]
  2798 | D:3      | HP: 5/37 [orc (5)]
  3363 | D:4      | HP: 12/37 [orc/flail (9)]
  3364 | D:4      | Reached skill level 1 in Invocations
  3367 | D:4      | HP: 2/37 [orc (5)]
  3660 | D:4      | Found Laemu's Food Shop.
  3691 | D:4      | Reached XP level 6. HP: 29/43 MP: 2/9
  3844 | D:4      | Found an opulent altar of Gozag.
  3950 | D:4      | Noticed broninjaking's ghost (weakling SpAs)
  4018 | D:3      | Reached skill level 6 in Unarmed Combat
  4101 | D:4      | HP: 18/44 [broninjaking's ghost (5)]
  4107 | D:4      | HP: 11/44 [broninjaking's ghost (5)]
  4109 | D:4      | HP: 5/44 [broninjaking's ghost (6)]
  4518 | D:4      | HP: 18/44 [broninjaking's ghost (6)]
  4523 | D:4      | HP: 8/44 [broninjaking's ghost (3)]
  4525 | D:4      | Killed broninjaking's ghost
  4841 | D:4      | HP: 20/44 [orc/flail (7)]
  4847 | D:4      | HP: 7/44 [orc/flail (8)]
  5200 | D:4      | Noticed a phantom
  5212 | D:4      | Killed a phantom
  5212 | D:4      | Reached * piety under Okawaru
  5212 | D:4      | Reached XP level 7. HP: 35/50 MP: 3/10
  5344 | D:4      | Learned a level 5 spell: Blade Hands
  5588 | D:5      | Entered Level 5 of the Dungeon
  5722 | D:5      | Reached skill level 5 in Transmutations
  6579 | D:5      | Got a pitted pewter ring
  6682 | D:5      | Reached skill level 7 in Unarmed Combat
  6849 | D:5      | Noticed Menkaure
  6853 | D:5      | Killed Menkaure
  7018 | D:6      | Reached XP level 8. HP: 44/58 MP: 7/11
  7107 | D:6      | Noticed manon's ghost (novice DrFE)
  7129 | D:6      | HP: 21/60 [orc warrior/scimitar (13)]
  7339 | D:6      | HP: 26/60 [orc/enchanted short sword (10)]
  7574 | D:6      | HP: 27/60 [manon's ghost/flame tongue (12)]
  7575 | D:6      | Killed manon's ghost
  7575 | D:6      | Reached ** piety under Okawaru
  7575 | D:6      | Reached skill level 8 in Unarmed Combat
  7868 | D:6      | Noticed a hippogriff
  7876 | D:6      | HP: 25/61 [hippogriff (6)]
  7878 | D:6      | HP: 10/61 [hippogriff (7)]
  7878 | D:6      | HP: 2/61 [hippogriff (8)]
  7884 | D:6      | HP: 3/61 [hippogriff (1)]
  7884 | D:6      | HP: 1/61 [hippogriff (2)]
  7885 | D:6      | Killed a hippogriff
  7885 | D:6      | Reached XP level 9. HP: 1/67 MP: 9/12
  8306 | D:6      | Identified the ring "Gaosig" {rC+ Stlth+} (You found it on level 5 of the Dungeon)
  8419 | D:6      | Reached skill level 5 in Fighting
  8471 | D:6      | HP: 29/68 [killer bee (7)]
  8474 | D:6      | HP: 14/68 [poisoned by a killer bee]
  8478 | D:6      | Slain by a killer bee

Skill      XL: |  1  2  3  4  5  6  7  8  9 |
---------------+----------------------------+-----
Unarmed Combat | 4 5 6 7 8 |  8.7
Transmutations | 3 4 5 7 |  7.4
Invocations    | 1 2 3 |  3.7
Fighting       | 2 3 4 5 |  5.1
Dodging        | |  2.1
Spellcasting   | |  2.1

Action                   |  1- 3 |  4- 6 |  7- 9 || total
-------------------------+-------+-------+-------++-------
Melee: Unarmed           |    87 |   240 |   177 ||   504
       Headbutt          |     3 |       |       ||     3
       Kick              |     4 |     1 |       ||     5
       Punch             |       |     3 |     1 ||     4
 Cast: Beastly Appendage |    13 |     4 |       ||    17
       Spider Form       |     3 |    12 |    15 ||    30
       Sticks to Snakes  |     1 |     8 |       ||     9
       Blade Hands       |       |       |     4 ||     4
Invok: Heroism           |       |       |     3 ||     3
  Use: Scroll            |       |     8 |     2 ||    10
       Potion            |       |       |     3 ||     3
 Stab: Sleeping          |     1 |       |     1 ||     2
       Distracted        |       |     1 |       ||     1
  Eat: Chunk             |     3 |    12 |    15 ||    30
       Fruit             |       |     3 |       ||     3
Armor: Robe              |    15 |    18 |     9 ||    42
       Skin              |       |     2 |     3 ||     5
Dodge: Dodged            |    56 |   174 |   112 ||   342

Vault maps used:
D:1:      lightli_arrival_chessboard
D:2:      minitemple
D:3:      chequers_ecumenical_altar_lobes
D:4:      lemuel_crystal_altar, serial_shops, nicolae_shop_crystal, first_bread
D:5:      uniq_menkaure
D:6:      fedhas_altar_4, basic_altar, kennysheep_cross_room
